Cogmind - Beta 11.1 @@@ ROGUE MODE // 2022.07.15 @ 17:14:50 Player: Calazard Result: Destroyed by S-10 Pest with Light Assault Rifle Performance ------------- Evolutions (0) 0 Regions Visited (1) 200 Robots Destroyed (3) 15 Value Destroyed (30) 30 Prototype IDs (0) 0 Alien Tech Used (0) 0 Bonus (0) 0 TOTAL SCORE: 245 Bonus ------- None Cogmind --------- Core Integrity 0/250 Matter 115/300 Energy 98/100 System Corruption 1% Temperature Cool (0) Movement Core (50) Location -10/Materials Parts ------- > --- POWER (1) -------- (None) > --- PROPULSION (2) --- (None) > --- UTILITY (2) ------ (None) > --- WEAPON (2) ------- (None) > --- INVENTORY (5) ---- Ion Engine Light Treads Light Treads High-capacity Battery (250) Light Assault Rifle Peak State ------------ > --- POWER ------------ Light Ion Engine > --- PROPULSION ------- Light Treads Light Treads > --- UTILITY ---------- Small Storage Unit > --- WEAPON ----------- EM Pulse Gun Assault Rifle > --- INVENTORY -------- Light Assault Rifle [Rating: 6] Favorites ----------- Power Light Ion Engine Engine Light Ion Engine Propulsion Light Treads Treads Light Treads Utility Small Storage Unit Storage Small Storage Unit Weapon Assault Rifle Energy Gun EM Pulse Gun Ballistic Gun Assault Rifle Build | -11 -10 ------- Run | Scr Mat Slots Evolved . | . . Power . | . . Propulsion . | . . Utility . | . . Weapon . | . . Parts Attached 6 | 6 . Power 1 | 1 . Engine 1 | 1 . Core . | . . Reactor . | . . Propulsion 2 | 2 . Treads 2 | 2 . Leg . | . . Wheel . | . . Hover . | . . Flight . | . . Utility 1 | 1 . Device . | . . Storage 1 | 1 . Processor . | . . Hackware . | . . Protection . | . . Artifact . | . . Weapon 2 | 2 . Energy Gun 1 | 1 . Energy Cannon . | . . Ballistic Gun 1 | 1 . Ballistic Cannon . | . . Launcher . | . . Special Weapon . | . . Impact Weapon . | . . Slashing Weapon . | . . Piercing Weapon . | . . Special Melee Weapon . | . . Unidentified Prototypes . | . . Parts Lost . | . . Power . | . . Propulsion . | . . Utility . | . . Weapon . | . . Highest Loss Streak . | . . To Critical Strikes . | . . Average Slot Usage (%) 70 | . 70 Engine 11 | . 11 Treads 23 | . 23 Storage 11 | . 11 Energy Gun 11 | . 11 Ballistic Gun 11 | . 11 Naked Turns 21 | . 21 Heaviest Build 12 | 12 12 Greatest Support 40 | 40 40 Greatest Overweight (x) . | . . Average Overweight (x) . | . . Largest Inventory Capacity 8 | 8 8 Average Capacity 7 | 7 7 Most Carried 5 | 2 5 Average Carried 2 | 1 3 Final Capacity 8 | 8 5 Final Carried 5 | 2 5 Class Distribution -------------------- 100% | Mutant Dominant Class ---------------- Mutant | -10/Materials Resources | -11 -10 ----------- Run | Scr Mat Matter Collected 81 | 31 50 Remotely . | . . Salvage Created 50 | . 50 Parts 7 | . 7 Haulers Intercepted . | . . Recyclers Shooed . | . . Parts Field Recycled . | . . Retrieved Matter . | . . Parts Self-Destructed . | . . Prevented . | . . Kills | -11 -10 ------- Run | Scr Mat Combat Hostiles Destroyed 3 | . 3 Guns 3 | . 3 Classes Destroyed 1 | . 1 Swarmer 3 | . 3 Best Kill Streak 3 | . 3 Combat Bots Only 3 | . 3 Max Kills in Single Turn 1 | . 1 Gunslinging . | . . Exploded . | . . Melee . | . . Uniques/NPCs Destroyed . | . . Combat | -11 -10 -------- Run | Scr Mat Damage Taken 385 | . 385 Core 251 | . 251 Absorbed by Shields . | . . Core Remaining (%) 100 | 100 . Volleys Fired 5 | . 5 Largest 2 | . 2 Hottest 60 | . 60 Shots Fired 10 | . 10 Gun 10 | . 10 Cannon . | . . Launcher . | . . Special . | . . Kinetic 5 | . 5 Thermal . | . . Explosive . | . . Electromagnetic 5 | . 5 Robot Hit Streak 2 | . 2 Robot Miss Streak 1 | . 1 Penetration Max . | . . Secondary Targets . | . . Shots Hit Robots 6 | . 6 Core Hits 3 | . 3 Critical Kills . | . . Critical Parts Destroyed . | . . Critical Strikes . | . . Melee Attacks . | . . Impact . | . . Slashing . | . . Piercing . | . . Sneak Attacks . | . . Combat Hostiles . | . . Follow-up Attacks . | . . Damage Inflicted 85 | . 85 Guns 78 | . 78 Cannons . | . . Explosions . | . . Melee . | . . Ramming 7 | . 7 Kinetic 41 | . 41 Thermal . | . . Explosive . | . . Electromagnetic 37 | . 37 Impact . | . . Slashing . | . . Piercing . | . . Highest Corruption 1 | . 1 Average Corruption 1 | . 1 Corruption Purged . | . . Corruption Blocked . | . . Overload Shots . | . . Overflow Damage . | . . Projectiles . | . . Explosions . | . . Melee . | . . Knockbacks . | . . Impact . | . . Kinetic . | . . Secondary . | . . Self-Inflicted Damage 3 | . 3 Shots . | . . Rammed 2 | . 2 Targets Rammed 2 | . 2 Kicked . | . . Crushed . | . . Highest Temperature . | . . Average Temperature . | . . Received Heat Transfer 105 | . 105 Siege Activations . | . . Robots Corrupted . | . . Combat Hostiles . | . . Parts Fried . | . . Impact Corruptions . | . . Robots Melted . | . . Combat Hostiles . | . . Parts Melted . | . . Heat Transferred . | . . Parts Sabotaged . | . . Parts Stolen . | . . Parts Stripped . | . . Power Chain Reactions . | . . Missiles Intercepted . | . . Alert | -11 -10 ------- Run | Scr Mat Peak Influence 115 | . 115 Initial . | . . Average 37 | . 58 Maximum Alert Level . | . . Low Security (%) 100 | 100 100 Level 1 . | . . Level 2 . | . . Level 3 . | . . Level 4 . | . . Level 5 . | . . High Security . | . . Max Security . | . . Squads Dispatched 1 | . 1 Investigation . | . . Extermination . | . . Reinforcement 1 | . 1 Assault . | . . Garrison . | . . Intercept . | . . Searches Triggered . | . . Construction Impeded . | . . Haulers Reinforced . | . . Active Scanning Responses . | . . Cargo Convoy Interrupts . | . . Stealth | -11 -10 --------- Run | Scr Mat Distress Signals 3 | . 3 Communications Jammed . | . . Distress Signals . | . . Times Spotted 11 | . 11 Peak Tracking Total 7 | . 7 Tactical Retreats 1 | . 1 Traps | -11 -10 ------- Run | Scr Mat Traps Triggered 1 | . 1 Indirectly . | . . Trap Hack Attempts . | . . Triggered . | . . Disarmed . | . . Reprogrammed . | . . Reused . | . . Traps Extracted . | . . Installed . | . . Triggered . | . . Machines | -11 -10 ---------- Run | Scr Mat Machines Disabled . | . . Max in Single Turn . | . . Machines Sabotaged . | . . Garrisons Compromised . | . . Overloaded Fab Kills . | . . Hacking | -11 -10 --------- Run | Scr Mat Machines Accessed 1 | . 1 Terminals . | . . Fabricators . | . . Repair Stations . | . . Recycling Units 1 | . 1 Scanalyzers . | . . Garrison Access . | . . Total Hacks 1 | . 1 Successful 1 | . 1 Failed . | . . Catastrophic . | . . Database Lockouts . | . . Manual . | . . Terminals . | . . Fabricators . | . . Repair Stations . | . . Recycling Units 1 | . 1 Scanalyzers . | . . Garrison Access . | . . Terminal Hacks . | . . Fabricator Hacks . | . . Repair Station Hacks . | . . Recycling Unit Hacks 1 | . 1 Retrieve Components 1 | . 1 Scanalyzer . | . . Garrison Access Hacks . | . . Unauthorized Hacks . | . . Terminals . | . . Fabricators . | . . Repair Stations . | . . Recycling Units . | . . Scanalyzers . | . . Garrison Access . | . . Data Cores Recovered . | . . Used . | . . Hacking Detections . | . . Full Trace Events . | . . Feedback Events . | . . Feedback Blocked . | . . Robot Schematics Acquired . | . . Robots Built . | . . Authchips . | . . Time . | . . Total Robot Build Rating . | . . Part Schematics Acquired . | . . Parts Built . | . . Authchips . | . . Time . | . . Total Part Build Rating . | . . Parts Repaired . | . . Time . | . . Parts Recycled . | . . Recycled Matter . | . . Retrieved Matter . | . . Retrieved Components 1 | . 1 Parts Scanalyzed . | . . Part Schematics Acquired . | . . Parts Damaged . | . . Bothacking | -11 -10 ------------ Run | Scr Mat Used RIF Installer . | . . Robots Hacked . | . . Non-combat . | . . Combat . | . . Robot Hacks Applied . | . . Relay Couplers Released . | . . Fabnet Peak Effective % . | . . Robots Rewired . | . . Allies Hacked . | . . Hacks Repelled . | . . Allies | -11 -10 -------- Run | Scr Mat Total Allies . | . . Largest Group . | . . Highest-Rated Group . | . . Highest-Rated Ally . | . . Total Orders . | . . Ally Attacks . | . . Total Damage . | . . Kills . | . . Allies Corrupted . | . . Allies Melted . | . . Intel | -11 -10 ------- Run | Scr Mat Robot Analysis Total . | . . Derelict Logs Recovered . | . . Drone Launches . | . . Drone Recoveries . | . . Exploration | -11 -10 ------------- Run | Scr Mat Turns Passed 184 | 66 118 Spaces Moved 116 | 38 78 Core 40 | 4 36 Treads 76 | 34 42 Legs . | . . Wheels . | . . Hover . | . . Flight . | . . Fastest Speed 50 | 50 50 Average Speed 122 | 148 109 Slowest Speed 160 | 160 160 Overloaded Moves . | . . Propulsion Burnouts . | . . Robots Hopped . | . . Cave-ins Triggered . | . . Exploration Rate (%) 15 | 3 27 Regions Visited 1 Branch Regions . Pre-discovered Areas . | . . Known Exits Taken . | . . Unknown Exits Taken 1 | 1 . Scrap Searched . | . . Spaces Dug . | . . Terrain Destroyed . | . . Melee . | . . Projectile . | . . AOE . | . . Terrain Rammed . | . . Walls Destroyed . | . . Machines Disabled . | . . Actions | -11 -10 --------- Run | Scr Mat Total 146 | 45 101 Wait 13 | . 13 Move 115 | 37 78 Hop . | . . Pick Up 5 | 2 3 Fast Attach 6 | 6 . Attach . | . . Detach . | . . Swap . | . . Drop . | . . Fire 5 | . 5 Melee . | . . Ram 2 | . 2 Kick . | . . Crush . | . . Escape Stasis . | . . Rewire . | . . Trap . | . . Miscellaneous . | . . Route ------- -11/Scrapyard -10/Materials (discovered 1 exit: [*Min]) History --------- Turn | Location | Event 19 | -11/Scrapyard | Discovered new exit (range 16) 67 | -11/Scrapyard | Entered Materials 164 | -10/Materials | Released all parts (6) 176 | -10/Materials | Core integrity fell below 50% 182 | -10/Materials | Core integrity fell below 20% 185 | -10/Materials | Discovered new exit (range 13) 185 | -10/Materials | Destroyed by S-10 Pest with Light Assault Rifle Last Messages --------------- 00127_ Acquired 19 matter. 00156_ Acquired 15 matter. 00159_ Acquired 16 matter. 00164_ Released Lgt. Treads. 00164_ Released Sml. Storage Unit. 00164_ Released Lgt. Ion Engine. 00164_ Released Assault Rifle. 00164_ Released EM Pulse Gun. 00164_ Acquired Lgt. Treads. 00165_ G-34 Mercenary suffers critical hit (Burn). 00165_ G-34 Mercenary destroyed. 00166_ Acquired Lgt. Treads. 00173_ K-01 Serf collects debris. 00175_ Triggered Explosive Trap. 00175_ An explosion rips through the floor. 00175_ Atomic Centrifuge disabled. 00180_ Slammed into S-10 Pest. 00180_ Destabilizing: System corrupted (+1). 00181_ Slammed into S-10 Pest. 00185_ EXIT=FOUND Map ----- +----------------------------------------------------+ | ########[* ^ "#?????????????????? | | ???????#! """ """ #??????????????????? | | ???????# *[ """"""""" #??????????????????? | | ???????# """"" #??????????????????? | | ???????# #??????????????????? | | ???????# +??????????????????? | | ???????# #??????????????????? | | ???????##########T#^ #??????????????????? | | ??????????######### #??????????????????? | | ??????????# ]## """ #??????????????????? | | ??????????# ## "T" / #??????????????????? | | ??????????# # #??????????????????? | | ??????????# ## ###????????????????? | | ??????????# [[* ## ????????????? | | ??????????# [[* # o"" ########?????????????? | | ??????????# [** # "" #????????????????????? | | ??????????# + """ #????????????????????? | | ??????????# # #????????????????????? | | ??????????# # ss #????????????????????? | | ??????????# ! #######s ##????????????????????? | | ??????????# #?????# #?????????????????????? | | ??????????########?????# #?????????????????????? | | ???????????????????????# #?????????????????????? | | ??????????????????????##w ########??????????????? | | ???????????? "##### ???????? | | ?????????? @ #######??????????????? | | ?????????? < T #????????????????????? | | ?????????? #????????????????????? | | ??????????? ##### #????????????????????? | | ???????????######?????##### #????????????????????? | | ??????????????????????????? #????????????????????? | | ??????????????????????????? #????????????????????? | | ??????????????????????????? #????????????????????? | | ??????????????????????????? #????????????????????? | | ??????????????????????????? #????????????????????? | | ??????????????????????????? #????????????????????? | | ??????????????????????????? #????????????????????? | | ?????????????????????????????????????????????????? | | ?????????????????????????????????????????????????? | | ?????????????????????????????????????????????????? | | ?????????????????????????????????????????????????? | | ?????????????????????????????????????????????????? | | ?????????????????????????????????????????????????? | | ?????????????????????????????????????????????????? | | ?????????????????????????????????????????????????? | | ?????????????????????????????????????????????????? | | ?????????????????????????????????????????????????? | | ?????????????????????????????????????????????????? | | ?????????????????????????????????????????????????? | | ?????????????????????????????????????????????????? | +----------------------------------------------------+ Best States ------------- Heat Dissipation 25 Energy Generation 10 Energy Capacity 125 Matter Stores 106 Matter Capacity 300 Sight Range 16 Terrain Scan Density 10 Evasion (%) 50 Recoil Reduction 2 Item Schematics ----------------- None Robot Schematics ------------------ None Fabricated ------------ Nothing Alien Tech Used ----------------- None Achievements -------------- None Challenges ------------ None Game ------ Seed MasterTeslaCore Manual? 0 Play Time 00:03:37 Cumulative 25.9 hours Start 2022.07.15 @ 17:12:48 End 2022.07.15 @ 17:14:50 Sessions 1 Manual Loads 0 Difficulty Rogue Special Mode None Game No. 40 Rogue 40 Adventurer 0 Explorer 0 Win Type - Total 0 Types 0/0/0/0/0/0/0/0/0 Lore% 28 Gallery% 37 Achievement% 31 Wizard Run 0 Options --------- ASCII 0 Keyboard 0 Movement Numpad Keybinds 0 Fullscreen 0 Font 16/Terminus Map View 76x50 Tactical HUD 1 Map Filters NONE Filters NONE Steam X RUN: 76ece23c-1b27-4bfd-834c-403e62634306